 Dungeon Crawl Stone Soup version 0.28.0 (webtiles) character file.

Game seed: 4256580943937495716

704366 danielguo94 the Hoplite (level 27, 0/191 HPs)
             Began as a Gargoyle Fighter on Feb 8, 2022.
             Was the Champion of the Shining One.
             Slain by Cerebov (21 damage)
             ... in Pandemonium on Feb 9, 2022.
             The game lasted 02:10:47 (75578 turns).

danielguo94 the Hoplite (Gargoyle Fighter)         Turns: 75578, Time: 02:10:48

Health: 0/191      AC: 56    Str: 30      XL:     27
Magic:  20/48      EV: 11    Int: 10 (11) God:    the Shining One [******]
Gold:   3524       SH: 27    Dex: 19      Spells: 26/26 levels left

rFire   + + .      SeeInvis .   j - +9 eveningstar (freeze)
rCold   + + .      Faith    .   G - +2 tower shield
rNeg    + + +      Spirit   .   N - +0 gold dragon scales
rPois   ∞          Reflect  .   A - +1 helmet
rElec   +          Harm     .   V - +0 cloak
rCorr   +          Rampage  ∞   f - +0 pair of gloves "Ogiwn" {Slay+3}
Will    +++..                   c - +3 pair of seven-league boots {Rampage+∞}
Stlth   ..........              F - amulet of Garedeig {rC+ Regen+ MP+9}
HPRegen 1.21/turn               E - ring of Arrival {rN+ Will+ rCorr Str+4}
MPRegen 0.31/turn               r - ring "Sys Ynie" {rF+ Dex+6}

@: on berserk cooldown, flying, slowed, glowing, studying 2 skills, very slow
A: sickness immunity, AC +20, big wings, negative energy resistance 1,
electricity resistance, torment resistance 1, petrification resistance, dopey 1
}: 5/15 runes: decaying, serpentine, silver, bone, abyssal
a: Renounce Religion, Divine Shield, Cleansing Flame, Summon Divine Warrior,
Brand Weapon With Holy Wrath


You were in Pandemonium.
You worshipped the Shining One.
The Shining One was exalted by your worship.
You visited 13 branches of the dungeon, and saw 57 of its levels.
You visited Pandemonium 1 time, and saw 1 of its levels.
You visited the Abyss 3 times.
You also visited: Ossuary, Bailey, Ice Cave and Desolation.

You collected 9361 gold pieces.
You spent 5837 gold pieces at shops.

Inventory:

Hand Weapons
 j - a +9 eveningstar of freezing (weapon)
 l - a +4 broad axe of holy wrath
 T - a +2 eveningstar of protection
 Y - a +4 broad axe of flaming
Missiles
 m - 113 poisoned darts (quivered)
 p - 6 atropa-tipped darts
 I - 4 silver javelins
 M - 4 throwing nets
 Z - 11 curare-tipped darts
Armour
 c - the +3 pair of seven-league boots (worn) {Rampage+∞}
   (You found it on level 5 of the Vaults)

   Its wearer moves as far as possible in that direction when moving towards
   enemies.
 f - the +0 pair of gloves "Ogiwn" (worn) {Slay+3}
   (You found it on level 7 of Tartarus)

   Slay:      It affects your accuracy & damage with ranged weapons and melee
   (+3).
 A - a +1 helmet (worn)
 G - a +2 tower shield (worn)
 N - +0 gold dragon scales (worn)
 V - a +0 cloak (worn)
Jewellery
 h - the ring of Caesiuw {rN+ Int+3 Stlth+}
   (You found it on level 3 of the Crypt)

   [ring of positive energy]

   Int:       It affects your intelligence (+3).
   rN:        It protects you from negative energy.
   Stlth:     It makes you more stealthy.
 i - the ring of the Death Scarab {MP+9 Str+2}
   (You found it in Pandemonium)

   [ring of magical power]

   Str:       It affects your strength (+2).
   MP:        It affects your magic capacity (+9).
 r - the ring "Sys Ynie" (right hand) {rF+ Dex+6}
   (You found it on level 3 of the Crypt)

   [ring of dexterity]

   Dex:       It affects your dexterity (+6).
   rF:        It protects you from fire.
 C - the ring of the Ban {Fire Contam Will+ Str+9 Dex+4}
   (You found it in the Desolation of Salt)

   [ring of fire]

   It enhances your fire magic.
   Str:       It affects your strength (+9).
   Dex:       It affects your dexterity (+4).
   rF:        It protects you from fire.
   rC:        It makes you vulnerable to cold.
   Contam:    It causes magical contamination when unequipped.
   Will:      It increases your willpower.
 E - the ring of Arrival (left hand) {rN+ Will+ rCorr Str+4}
   (You took it off a naga sharpshooter on level 1 of the Snake Pit)

   [ring of positive energy]

   Str:       It affects your strength (+4).
   rN:        It protects you from negative energy.
   rCorr:     It protects you from acid and corrosion.
   Will:      It increases your willpower.
 F - the amulet of Garedeig (around neck) {rC+ Regen+ MP+9}
   (You found it on level 3 of the Crypt)

   [amulet of regeneration]

   rC:        It protects you from cold.
   MP:        It affects your magic capacity (+9).
   Regen:     It increases your rate of health regeneration.
 K - the ring of Dipnuck {rPois rF+ Will+ Int-5 Slay+5}
   (You bought it in a shop on level 3 of the Snake Pit)

   [ring of protection from fire]

   Int:       It affects your intelligence (-5).
   Slay:      It affects your accuracy & damage with ranged weapons and melee
   (+5).
   rF:        It protects you from fire.
   rPois:     It protects you from poison.
   Will:      It increases your willpower.
 Q - a ring of protection from cold
 U - the ring "Zuetragy" {rCorr MP+9 Str+6 Dex+2}
   (You found it on level 7 of Tartarus)

   [ring of strength]

   Str:       It affects your strength (+6).
   Dex:       It affects your dexterity (+2).
   MP:        It affects your magic capacity (+9).
   rCorr:     It protects you from acid and corrosion.
Wands
 e - a wand of mindburst (3)
 w - a wand of digging (14)
 z - a wand of paralysis (20)
 L - a wand of iceblast (30)
 R - a wand of acid (21)
Scrolls
 g - 7 scrolls of holy word
 n - 6 scrolls of fog
 q - 3 scrolls of blinking
 s - 6 scrolls of immolation
 v - 6 scrolls of fear
 x - 4 scrolls of summoning
 y - 10 scrolls of enchant armour
 O - 2 scrolls of magic mapping
 P - 9 scrolls of teleportation
 W - 2 scrolls of brand weapon
 X - 3 scrolls of silence
Potions
 a - 8 potions of magic
 b - 3 potions of ambrosia
 d - 4 potions of might
 k - 5 potions of attraction
 o - 5 potions of heal wounds
 t - 3 potions of resistance
 u - 22 potions of curing
 B - 5 potions of haste
 D - 7 potions of mutation
 H - 5 potions of berserk rage
 J - 10 potions of lignification
 S - 2 potions of cancellation


   Skills:
 + Level 24.3 Fighting
 * Level 13.8(19.8) Axes
 - Level 24.4(25.8) Maces & Flails
 * Level 20.9 Armour
 + Level 7.1 Dodging
 + Level 24.5 Shields
 * Level 24.3 Invocations
 + Level 2.3 Evocations


You had 26 spell levels left.
You didn't know any spells.
Your spell library contained the following spells:

 Spells                   Type           Power      Damage    Failure   Level
 Foxfire                  Conj/Fire      0%         2x1d4     99%         1
 Freeze                   Ice            0%         1d3       99%         1
 Magic Dart               Conj           0%         1d3       99%         1
 Pain                     Necr           0%         1d4       99%         1
 Sandblast                Erth           0%         2d4       99%         1
 Shock                    Conj/Air       0%         1d3       99%         1
 Summon Small Mammal      Summ           0%         N/A       99%         1
 Blink                    Tloc           0%         N/A       100%        2
 Call Imp                 Summ           0%         N/A       100%        2
 Corpse Rot               Necr/Air       0%         N/A       100%        2
 Ensorcelled Hibernation  Hex/Ice        0%         N/A       100%        2
 Passwall                 Tmut/Erth      0%         N/A       100%        2
 Scorch                   Fire           0%         2d5       100%        2
 Searing Ray              Conj           0%         2d4       100%        2
 Wereblood                Tmut           0%         N/A       100%        2
 Call Canine Familiar     Summ           0%         N/A       100%        3
 Confusing Touch          Hex            0%         N/A       100%        3
 Conjure Flame            Conj/Fire      0%         6-21      100%        3
 Dazzling Flash           Conj/Hex       0%         N/A       100%        3
 Frozen Ramparts          Ice            0%         1d2       100%        3
 Ignite Poison            Fire/Tmut/Pois 0%         N/A       100%        3
 Inner Flame              Hex/Fire       0%         N/A       100%        3
 Lesser Beckoning         Tloc           0%         N/A       100%        3
 Mephitic Cloud           Conj/Pois/Air  0%         N/A       100%        3
 Portal Projectile        Hex/Tloc       0%         N/A       100%        3
 Spider Form              Tmut/Pois      0%         N/A       100%        3
 Stone Arrow              Conj/Erth      0%         3d7       100%        3
 Summon Guardian Golem    Hex/Summ       0%         N/A       100%        3
 Tukima's Dance           Hex            0%         N/A       100%        3
 Anguish                  Hex/Necr       0%         N/A       100%        4
 Animate Dead             Necr           0%         N/A       100%        4
 Cause Fear               Hex            0%         N/A       100%        4
 Dispel Undead            Necr           0%         3d6       100%        4
 Flame Wave               Conj/Fire      0%         2d4       100%        4
 Fulminant Prism          Conj/Hex       0%         3d6       100%        4
 Hailstorm                Conj/Ice       0%         3d3       100%        4
 Ice Form                 Ice/Tmut       0%         N/A       100%        4
 Iskenderun's Mystic Bla  Conj/Tloc      0%         2d3       100%        4
 Leda's Liquefaction      Hex/Erth       0%         N/A       100%        4
 Passage of Golubria      Tloc           0%         N/A       100%        4
 Petrify                  Tmut/Erth      0%         N/A       100%        4
 Sticky Flame             Conj/Fire      0%         2d3       100%        4
 Summon Ice Beast         Ice/Summ       0%         N/A       100%        4
 Summon Lightning Spire   Summ/Air       0%         N/A       100%        4
 Agony                    Necr           0%         N/A       100%        5
 Blade Hands              Tmut           0%         N/A       100%        5
 Excruciating Wounds      Necr           0%         N/A       100%        5
 Fireball                 Conj/Fire      0%         3d3       100%        5
 Freezing Cloud           Conj/Ice/Air   0%         6-21      100%        5
 Irradiate                Conj/Tmut      0%         3d13      100%        5
 Iskenderun's Battlesphe  Conj           0%         2d6       100%        5
 Lee's Rapid Deconstruct  Erth           0%         3d5*      100%        5
 Manifold Assault         Tloc           0%         N/A       100%        5
 Metabolic Englaciation   Hex/Ice        0%         N/A       100%        5
 Silence                  Hex/Air        0%         N/A       100%        5
 Summon Forest            Summ/Tloc      0%         N/A       100%        5
 Summon Mana Viper        Hex/Summ       0%         N/A       100%        5
 Yara's Violent Unravell  Hex/Tmut       0%         3d3       100%        5
 Conjure Ball Lightning   Conj/Air       0%         3x3d6     100%        6
 Death Channel            Necr           0%         N/A       100%        6
 Simulacrum               Ice/Necr       0%         N/A       100%        6
 Summon Cactus Giant      Summ           0%         N/A       100%        6
 Dragon Form              Tmut           0%         N/A       100%        7
 Enfeeble                 Hex            0%         N/A       100%        7
 Haunt                    Necr/Summ      0%         N/A       100%        7
 Monstrous Menagerie      Summ           0%         N/A       100%        7
 Orb of Destruction       Conj           0%         9d5       100%        7
 Spellforged Servitor     Conj/Summ      0%         N/A       100%        7
 Summon Hydra             Summ           0%         N/A       100%        7
 Discord                  Hex            0%         N/A       100%        8
 Infestation              Necr           0%         N/A       100%        8
 Fire Storm               Conj/Fire      0%         5d1       100%        9
 Polar Vortex             Ice            0%         N/A       100%        9
 Sublimation of Blood     Necr           Unusable   N/A       N/A         2
 Statue Form              Tmut/Erth      Unusable   N/A       N/A         6

Dungeon Overview and Level Annotations

Branches:
Dungeon (15/15)            Temple (1/1) D:5            Lair (6/6) D:9
  Swamp (4/4) Lair:3        Snake (4/4) Lair:3        Slime (0/5) Lair:5
    Orc (2/2) D:10            Elf (3/3) Orc:2        Vaults (5/5) D:13
  Crypt (3/3) Vaults:3       Tomb (0/3) Crypt:3      Depths (4/4) D:15
   Hell (visited)             Dis (0/7) Hell            Geh (2/7) Hell
    Coc (0/7) Hell            Tar (7/7) Hell            Zot (0/5) Depths:4
Ossuary (visited)          Bailey (visited)           IceCv (visited)
Desolation (visited)

Altars:
Ashenzari
Dithmenos
Elyvilon
Kikubaaqudgha
Nemelex Xobeh
Okawaru
Ru
Trog
Vehumet
Wu Jian
Xom
Yredelemnul
Zin
The Shining One
Beogh
Lugonu

Shops:
D:2 !   D:3 :   D:11 ?   D:15 *   Orc:2 (([*=!?   Elf:1 *?   Elf:2 *
Snake:1 *(   Snake:3 :=:*   Vaults:2 !   Vaults:4 *

Portals:
Hell: Depths:1 Depths:2 Depths:3 Depths:4
Abyss: D:6 Depths:3 Depths:4
Pandemonium: Depths:2 Depths:4
Ziggurat: Depths:4

Annotations:
Geh:1 exclusions: 2 hellions and tormentor
Pan Cerebov


Innate Abilities, Weirdness & Mutations

You are immune to sickness and miasma.
Your stone body is resilient. (AC +20)
You are immune to poison.
Your large and strong wings let you fly.
You resist negative energy. (rN+)
You are resistant to electric shocks. (rElec)
You are resistant to unholy torment.
You are immune to petrification.
You are dopey. (Int -2)


Message History

You are engulfed in blazing flames.
You resist. You block Cerebov's attack. The balrug gestures at you.
Something smites you!
* * * LOW HITPOINT WARNING * * *
Cerebov barely misses you.
Unknown command.
Unknown command.
Unknown command.
Activating: Cleansing Flame (0% risk of failure)
Press: ? - help, Dir - look around, f - activate The golden flame engulfs you but does no damage.
You resist.
The golden flame engulfs Cerebov but does no damage.
Cerebov is almost dead.
You are engulfed in blazing flames.
You resist.
* * * LOW HITPOINT WARNING * * *
You block Cerebov's attack. x2; Cerebov hits you but does no damage.
Unknown command.
Unknown command.
Unknown command.
Unknown command.
Unknown command.
Activating: Cleansing Flame (0% risk of failure)
Press: ? - help, Dir - look around, f - activate The golden flame engulfs you but does no damage.
You resist.
The golden flame engulfs Cerebov!!!!
Cerebov writhes in agony!
Cerebov is almost dead.
You feel less vulnerable to fire. You block Cerebov's attack. x2
Unknown command.
Unknown command.
Unknown command.
Unknown command.
Activating: Cleansing Flame (0% risk of failure)
Press: ? - help, Dir - look around, f - activate The golden flame engulfs you but does no damage.
You resist.
The golden flame engulfs Cerebov!
Cerebov writhes in agony!
Cerebov is almost dead.
Cerebov hits you with the +6 sword of Cerebov {flame}!!
You die...

#.§# #≈.# #§§####
####≈.# #.≈≈≈≈## §...§
##≈≈≈≈.#
#....≈≈###'''###§≈....#
......≈≈#§&..§#§§.?...#
......≈≈#§...≈#≈≈.§.§.#
.§≈§≈≈§##≈...≈##≈≈§§§.#
#§§######≈...≈######≈.#
#.§#...#≈≈...≈§#@|.#≈.#
#§§#.).'.......&[)[#≈.#
#.≈#...#≈≈...≈≈#)[|#≈.#
#.≈######≈..=≈######≈.#
#.§≈≈≈≈##≈...≈##≈§≈§§.#
.....§≈≈#§...≈#≈≈.....#
.....§≈≈#≈...≈#§§.....#
#.....≈§#≈...≈#§§.....#
#.≈≈§§§##≈...≈##§≈≈≈≈.#


You could see Cerebov (fast).

Vanquished Creatures
  Ereshkigal (Tar:7)
  A dread lich (Tar:1)
  An ancient lich (Tar:1)
  A juggernaut (Depths:2)
  A royal mummy (Crypt:3)
  Frederick (Vaults:2)
  The ghost of Bunoc the Executioner, a veteran FoFi of Dithmenos (Crypt:3)
  Bai Suzhen (Vaults:2)
  Geryon (Hell)
  2 caustic shrikes (Depths:2)
  5 golden dragons
  27 profane servitors
  13 bone dragons
  A Brimstone Fiend (Pan)
  8 doom hounds
  A hellephant (Geh:1)
  14 Tzitzimimeh
  A spectral shard shrike (Tar:4)
  8 tentacled monstrosities
  Jorgrun (Swamp:2)
  5 titans (Vaults:5)
  Rupert (D:13)
  28 tainted leviathans
  A shard shrike skeleton (Crypt:3)
  3 deep elf blademasters
  2 searing wretches
  3 deep elf master archers (Elf:3)
  3 ancient champions
  Agnes (Snake:2)
  Frances (Elf:1)
  A tentacled starspawn (Abyss:3)
  A thorn hunter (Swamp:2)
  6 sphinxes
  A tengu reaver (Vaults:3)
  2 storm dragons
  5 shadow dragons
  Donald (Swamp:2)
  7 revenants
  8 nagarajas
  Roxanne (Snake:4)
  5 fire giants
  20 vault wardens
  18 balrugs
  3 orc warlords
  7 deep elf sorcerers (Elf:3)
  Aizul (Snake:2)
  An iron dragon (Vaults:5)
  A cacodemon (Hell)
  Louise (Depths:4)
  An imperial myrmidon (Desolation)
  6 frost giants
  A juggernaut zombie (Crypt:3)
  3 deep elf elementalists (Elf:3)
  A draconian shifter (Depths:4)
  5 spectral juggernauts
  5 spectral caustic shrikes
  5 reapers
  32 very ugly things
  5 ghouls
  A caustic shrike skeleton (Hell)
  2 curse skulls
  23 ironbound preservers
  4 war gargoyles
  10 stone giants
  14 vampire knights
  9 ironbound thunderhulks
  7 eleionomae
  6 deep elf demonologists
  3 entropy weavers
  26 putrid mouths
  Nessos (D:13)
  A spectral titan (Tar:2)
  3 green draconians (Depths:4)
  6 halazid warlocks
  A wendigo (Hell)
  2 red draconians (Depths:4)
  A bunyip (Swamp:3)
  3 yellow draconians (Depths:4)
  2 black draconians (Depths:4)
  4 spark wasps (Depths:3)
  3 dire elephants (Vaults:2)
  3 deep elf annihilators (Elf:3)
  A blizzard demon (Hell)
  9 eidola
  2 iron golems (Hell)
  Snorg (Lair:4)
  3 spectral quicksilver dragons
  5 crystal guardians
  2 green deaths (Swamp:4)
  10 ettins
  3 mummy priests (Crypt:3)
  14 deep elf death magi
  A spectral golden dragon (Tar:3)
  8 spectral spriggans
  10 jiangshi
  7 fire dragons
  A spectral iron giant (Tar:2)
  3 spectral krakens (Tar:7)
  10 yaktaur captains
  A spriggan zombie (Crypt:3)
  7 deep elf high priests
  16 naga warriors
  10 ragged hierophants (Desolation)
  The ghost of LustLizard the Cleaver, a journeyman MiBe of Trog (D:10)
  9 great orbs of eyes
  7 servants of whispers (Desolation)
  6 rakshasas
  2 ogre magi (Vaults:5)
  Harold (Lair:1)
  3 boulder beetles
  8 peacekeepers
  6 ice dragons
  2 salamander tyrants (Geh:2)
  37 vault guards
  2 hell beasts
  11 hydras
  A caustic shrike simulacrum (Hell)
  3 ghost crabs (Swamp:3)
  A stoker (Geh:2)
  3 death knights
  3 catoblepae
  10 anacondas
  A spriggan air mage (Swamp:1)
  11 centaur warriors
  12 deep troll shamans
  10 deep troll earth magi
  6 alligators
  9 two-headed ogres
  7 ironbound frosthearts
  2 spectral stone giants
  32 dancing weapons
  7 tengu warriors
  5 vampire magi
  24 hell hogs
  12 naga sharpshooters
  3 spectral dire elephants
  5 orc high priests
  A thrashing horror (Swamp:4)
  48 sun demons
  2 spectral nagas (Tar:3)
  7 spriggan berserkers
  11 shock serpents
  16 hell knights
  6 soul eaters
  4 crystal echidnas (Hell)
  2 wretched stars
  22 deep elf knights
  7 shadow wraiths
  2 sixfirhies
  A titan skeleton (Hell)
  6 spatial maelstroms (Abyss:3)
  A storm dragon skeleton (Crypt:3)
  A spectral bunyip (Tar:1)
  8 iron trolls
  13 skeletal warriors
  A spark wasp zombie (Crypt:1)
  3 salamander mystics
  An orb spider (Abyss:3)
  2 spectral anacondas (Tar:2)
  3 flayed ghosts
  A glowing orange brain (Vaults:2)
  77 deep trolls
  A goliath frog (Swamp:1)
  3 orange crystal statues
  4 spriggan druids
  A shadow demon (Abyss:3)
  A spectral wolf spider (D:10)
  5 swamp dragons
  11 bog bodies
  A steelbarb worm (shapeshifter) (Vaults:5)
  11 naga ritualists
  A harpy (shapeshifter) (Vaults:5)
  10 wizards
  2 fenstrider witch simulacra
  13 phantasmal warriors
  10 deep elf archers
  A spectral hydra (Tar:7)
  26 deep elf pyromancers
  20 ironbound convokers
  4 harpies (Vaults:4)
  2 tengu zombies (Depths:3)
  12 orc knights
  A lindwurm (Lair:4)
  3 oklob plants (Lair:5)
  An anaconda skeleton (Hell)
  19 deep elf zephyrmancers
  11 mana vipers
  11 necromancers
  41 ugly things
  A stone giant zombie (Crypt:2)
  5 orc sorcerers
  3 spectral ettins
  8 cyclopes
  2 manticores
  A mana viper (shapeshifter) (Depths:2)
  5 salamanders
  A faun (shapeshifter) (Abyss:3)
  A manticore (shapeshifter) (Vaults:5)
  A fire giant skeleton (Crypt:3)
  56 black mambas
  8 will-o-the-wisps
  6 guardian serpents
  7 spectral centaurs
  Maurice (D:13)
  A water nymph (shapeshifter) (Elf:3)
  3 elephants (Lair:3)
  23 naga magi
  19 vault sentinels
  6 molten gargoyles
  A shock serpent zombie (Crypt:2)
  An ice statue (Elf:2)
  6 smoke demons (Hell)
  Joseph (D:8)
  10 cane toads
  2 alligator snapping turtle zombies
  A dire elephant zombie (Crypt:3)
  A naga skeleton (Hell)
  2 dire elephant skeletons (Hell)
  11 orange demons
  9 hellions
  11 spectral swamp worms (Tar:7)
  4 freezing wraiths
  A rime drake (Lair:4)
  7 komodo dragons
  A kobold demonologist (D:12)
  A sea snake zombie (Crypt:2)
  7 efreet
  6 tengu conjurers
  An anaconda simulacrum (IceCv)
  2 ice devils
  A yellow draconian skeleton (Crypt:3)
  8 spectral harpies
  7 tormentors
  40 yaktaurs
  A queen bee (shapeshifter) (D:14)
  A red devil (Depths:4)
  27 guardian mummies (Crypt:3)
  3 golden dragon simulacra (IceCv)
  8 trolls
  A harpy zombie (Crypt:2)
  A silent spectre (Tar:7)
  An ancient zyme (Abyss:3)
  55 saltlings (Desolation)
  12 hornets
  7 polar bears
  9 tyrant leeches
  A moth of wrath zombie (Crypt:1)
  A satyr zombie (Crypt:1)
  47 slime creatures
  A harpy skeleton (D:15)
  10 blink frogs
  A hydra skeleton (Crypt:3)
  A raiju (Abyss:3)
  A snapping turtle (shapeshifter) (Vaults:5)
  2 stone giant simulacra (Hell)
  A dream sheep (Lair:6)
  A fire dragon zombie (Crypt:2)
  A radroach zombie (Crypt:1)
  5 centaur simulacra
  17 spriggans
  4 flying skulls (Crypt:1)
  8 starcursed masses (Abyss:3)
  10 ushabtiu (Crypt:3)
  5 water elementals
  4 air elementals
  12 ynoxinuls
  2 shadows (Swamp:4)
  10 wraiths
  An ice dragon skeleton (Hell)
  2 dire elephant simulacra (IceCv)
  75 yaks
  A vampire (D:10)
  Eustachio (D:4)
  4 fire bats (Abyss:3)
  3 neqoxecs (Abyss:3)
  2 large abominations
  3 golden eyes (Abyss:3)
  2 chaos spawn
  6 humans (D:13)
  2 fire elementals
  4 redbacks
  3 basilisks
  21 vampire mosquitoes
  22 spatial vortices (Abyss:3)
  A deep troll zombie (Crypt:2)
  A merfolk zombie (Crypt:3)
  2 harpy simulacra
  2 acid dragons
  28 nagas
  16 swamp worms
  3 wargs
  A hydra simulacrum (IceCv)
  2 floating eyes (Depths:4)
  19 water moccasins
  56 orc warriors
  An elephant zombie (Crypt:1)
  3 black bears
  3 sky beasts
  6 swamp drakes
  A swamp dragon zombie (Hell)
  11 ogres
  A manticore skeleton (Crypt:2)
  8 boggarts
  6 necrophages
  5 centaurs
  2 phantoms
  42 wolves
  9 kobold brigands
  9 bullfrogs
  An elf zombie (Ossuary)
  A gnoll sergeant (D:3)
  4 earth elementals
  2 wyvern zombies
  4 scorpions
  A small abomination (Abyss:3)
  A water moccasin skeleton (D:6)
  A hornet simulacrum (D:15)
  A shapeshifter zombie (Crypt:2)
  32 killer bees
  A lindwurm simulacrum (IceCv)
  9 wights
  An electric eel (D:9)
  A howler monkey (D:4)
  A gnoll shaman (D:4)
  A wolf skeleton (Crypt:2)
  19 orc priests
  3 centaur skeletons
  13 centaur zombies
  A human zombie (Ossuary)
  7 hounds
  An iron imp (Abyss:3)
  Terence (D:3)
  An iguana (D:4)
  Natasha (thrice) (D:2)
  32 orc wizards
  7 hell rats (Hell)
  A naga zombie (Crypt:3)
  An acid dragon skeleton (Crypt:1)
  A deep dwarf skeleton (Crypt:2)
  15 mummies
  A howler monkey zombie (D:6)
  8 gnolls
  A howler monkey skeleton (Crypt:1)
  3 adders
  A shadow imp (D:7)
  2 white imps (Abyss:3)
  An ufetubus (D:4)
  2 adder zombies (Ossuary)
  4 worms
  2 dart slugs
  An iguana skeleton (Crypt:1)
  112 orcs
  4 endoplasms
  3 giant cockroaches
  10 hobgoblins
  6 jackals
  A kobold (shapeshifter) (Vaults:5)
  42 kobolds
  3 quokkas
  3 ball pythons
  10 bats
  3 frilled lizards
  7 goblins
  A goblin zombie (Ossuary)
  2 hobgoblin zombies (Ossuary)
  2 jackal zombies (Ossuary)
  A kobold zombie (Ossuary)
  An orc zombie (Ossuary)
  3 rats
  A rat zombie (Ossuary)
  11 briar patches (Swamp:2)
  2 creeping infernos (Geh:1)
  12 fire vortices
  A starspawn tentacle (Abyss:3)
  6 tentacles (Tar:7)
2687 creatures vanquished.

Vanquished Creatures (others)
  A fire giant (Vaults:5)
  2 alligators (Swamp:1)
  A shock serpent (Snake:3)
  A spriggan simulacrum (Hell)
  A deep elf pyromancer (Elf:2)
  A tormentor (Geh:1)
  A tyrant leech (Swamp:1)
  A hornet (Swamp:1)
  3 bloated husks
  A spriggan (Swamp:1)
  A wyvern (shapeshifter) (Depths:1)
  A human (D:13)
  A swamp worm (Swamp:1)
  An orc (Orc:2)
  24 foxfires
  30 fungi
  2 lurking horrors (D:6)
  37 plants
  A starspawn tentacle (Abyss:3)
  6 tentacles (Tar:7)
  10 toadstools (Swamp:2)
127 creatures vanquished.

Grand Total: 2814 creatures vanquished

Notes
Turn   | Place    | Note
-------+----------+-------------------------------------------
     0 | D:1      | danielguo94 the Gargoyle Fighter began the quest for the
                  | Orb.
     0 | D:1      | Reached XP level 1. HP: 14/14 MP: 1/1
    73 | D:1      | Reached XP level 2. HP: 19/19 MP: 2/2
   272 | D:1      | Found a faded altar of an unknown god.
   287 | D:1      | Identified the +3 leather armour "Owueghuw" {Fly rF++}
   346 | D:1      | Reached XP level 3. HP: 24/24 MP: 3/3
   553 | D:2      | Noticed Natasha
   743 | D:2      | Killed Natasha
   744 | D:2      | Reached XP level 4. HP: 17/29 MP: 4/4
   831 | D:2      | Noticed Natasha
   838 | D:2      | Killed Natasha
  1014 | D:2      | Found Uquoptoa's Distillery.
  1193 | D:2      | Noticed Natasha
  1202 | D:2      | Killed Natasha
  1203 | D:2      | Reached XP level 5. HP: 24/33 MP: 5/5
  1728 | D:2      | Bought a potion of heal wounds for 70 gold pieces
  1800 | D:3      | Found Bujiy's Book Boutique.
  1852 | D:3      | Noticed Terence
  1858 | D:3      | Killed Terence
  2441 | D:4      | Reached skill level 5 in Maces & Flails
  2441 | D:4      | Reached XP level 6. HP: 20/38 MP: 6/6
  3057 | D:3      | Reached skill level 1 in Dodging
  3057 | D:3      | Reached XP level 7. HP: 40/43 MP: 7/7
  3335 | D:5      | Entered Level 5 of the Dungeon
  3652 | D:5      | Reached XP level 8. HP: 42/48 MP: 8/8
  3812 | D:5      | Found a staircase to the Ecumenical Temple.
  3871 | Temple   | Entered the Ecumenical Temple
  3955 | Temple   | Became a worshipper of the Shining One
  4397 | D:6      | Noticed Eustachio
  4397 | D:6      | Found a sacrificial altar of Ru.
  4407 | D:5      | Reached skill level 5 in Armour
  4625 | D:4      | Killed Eustachio
  4626 | D:4      | Reached skill level 5 in Fighting
  5089 | D:6      | Reached XP level 9. HP: 54/54 MP: 9/9
  5430 | D:6      | Found a one-way gate to the infinite horrors of the Abyss.
  5433 | D:6      | Found a corrupted altar of Lugonu.
  5575 | D:6      | Reached skill level 10 in Maces & Flails
  5832 | D:7      | Found a sand-covered staircase.
  5925 | Ossuary  | Entered an ossuary
  5925 | Ossuary  | Reached * piety under the Shining One
  5986 | Ossuary  | Reached ** piety under the Shining One
  6055 | Ossuary  | Reached skill level 5 in Shields
  6131 | D:7      | Found a flagged portal.
  6324 | Bailey   | Entered a bailey
  6680 | Bailey   | Reached XP level 10. HP: 47/60 MP: 10/10
  7252 | Bailey   | Noticed an orc knight
  7384 | Bailey   | Killed an orc knight
  7919 | D:8      | Noticed a manticore
  7930 | D:8      | Killed a manticore
  8307 | D:8      | Reached *** piety under the Shining One
  8689 | D:8      | Noticed Joseph
  8704 | D:8      | Killed Joseph
  9080 | D:7      | Reached XP level 11. HP: 52/68 MP: 11/11
  9727 | D:9      | Noticed a two-headed ogre
  9933 | D:9      | Killed a two-headed ogre
 10201 | D:9      | Reached skill level 1 in Evocations
 10656 | D:9      | Found a staircase to the Lair.
 10888 | D:9      | Reached **** piety under the Shining One
 10994 | Lair:1   | Entered Level 1 of the Lair of Beasts
 11153 | Lair:1   | Noticed Harold
 11168 | Lair:1   | Killed Harold
 11377 | Lair:1   | Reached skill level 10 in Fighting
 11645 | Lair:1   | Reached XP level 12. HP: 51/77 MP: 12/12
 11860 | Lair:1   | Reached skill level 15 in Maces & Flails
 12324 | Lair:2   | Found an ancient bone altar of Kikubaaqudgha.
 13914 | Lair:3   | Found a staircase to the Snake Pit.
 13982 | Lair:3   | Found a staircase to the Swamp.
 13988 | Lair:3   | Got the Guide on Orientation and Battle Magic
 14281 | Lair:3   | Reached XP level 13. HP: 54/87 MP: 13/13
 15309 | Lair:4   | Reached ***** piety under the Shining One
 15944 | Lair:4   | Noticed Snorg
 15959 | Lair:4   | Killed Snorg
 16178 | Lair:5   | Found a staircase to the Slime Pits.
 16193 | Lair:5   | You fall into a shaft and drop 1 floor!
 16193 | Lair:6   | Entered Level 6 of the Lair of Beasts
 17635 | Lair:6   | Reached skill level 1 in Invocations
 18421 | Lair:6   | Reached skill level 10 in Armour
 18421 | Lair:6   | Gained mutation: Your large and strong wings let you fly.
                  | [Gargoyle growth]
 18421 | Lair:6   | Reached XP level 14. HP: 94/96 MP: 15/15
 18731 | Lair:6   | Reached skill level 15 in Fighting
 19284 | D:10     | Entered Level 10 of the Dungeon
 19574 | D:10     | Found a runed translucent gate.
 19574 | D:10     | Found a runed translucent gate.
 19574 | D:10     | Found a runed translucent gate.
 19575 | D:10     | Noticed LustLizard's ghost (journeyman MiBe)
 19741 | D:10     | Found a staircase to the Orcish Mines.
 20221 | Orc:1    | Entered Level 1 of the Orcish Mines
 20448 | Orc:2    | Entered Level 2 of the Orcish Mines
 20530 | Orc:2    | Found Titumov's Magic Scroll Shop.
 20533 | Orc:2    | Bought a scroll of enchant armour for 97 gold pieces
 20533 | Orc:2    | Bought a scroll of enchant armour for 97 gold pieces
 20533 | Orc:2    | Bought a scroll of teleportation for 39 gold pieces
 20533 | Orc:2    | Bought a scroll of identify for 26 gold pieces
 20533 | Orc:2    | Bought a scroll of immolation for 45 gold pieces
 20533 | Orc:2    | Bought a scroll of identify for 26 gold pieces
 20533 | Orc:2    | Bought a scroll of brand weapon for 260 gold pieces
 20533 | Orc:2    | Bought a scroll of holy word for 97 gold pieces
 22036 | Orc:2    | Paralysed by an orc sorcerer for 5 turns
 22293 | Orc:2    | Noticed an orc warlord
 22318 | Orc:1    | Killed an orc warlord
 22547 | Orc:2    | Found Coezato's Distillery.
 22586 | Orc:2    | Found Jouchosch's Antique Weapon Emporium.
 22618 | Orc:2    | Found a staircase to the Elven Halls.
 22634 | Orc:2    | Reached skill level 5 in Invocations
 22862 | Orc:2    | Bought a potion of heal wounds for 75 gold pieces
 22862 | Orc:2    | Bought a potion of lignification for 45 gold pieces
 22862 | Orc:2    | Bought a potion of might for 60 gold pieces
 22862 | Orc:2    | Bought a potion of might for 60 gold pieces
 22862 | Orc:2    | Bought a potion of might for 60 gold pieces
 22862 | Orc:2    | Bought a potion of curing for 45 gold pieces
 22862 | Orc:2    | Bought a potion of curing for 45 gold pieces
 22862 | Orc:2    | Bought a potion of curing for 45 gold pieces
 22862 | Orc:2    | Bought a potion of magic for 120 gold pieces
 22862 | Orc:2    | Bought a potion of curing for 45 gold pieces
 23096 | Orc:2    | Found Jipy's General Store.
 23172 | Orc:2    | Found Yteirogg's Antique Armour Emporium.
 23173 | Orc:2    | Found Ujekumap's Antique Weapon Shoppe.
 23174 | Orc:2    | Found Qoyzxouc's Jewellery Emporium.
 23316 | Orc:2    | Bought a glowing plate armour for 598 gold pieces
 23318 | Orc:2    | Bought a cloak for 103 gold pieces
 23456 | D:10     | Killed LustLizard's ghost
 23456 | D:10     | Reached ****** piety under the Shining One
 23537 | D:11     | Found Icutouk's Magic Scroll Emporium.
 23541 | D:11     | Bought a scroll of summoning for 152 gold pieces
 23541 | D:11     | Bought a scroll of enchant armour for 120 gold pieces
 24273 | D:12     | Reached XP level 15. HP: 94/104 MP: 19/19
 25030 | D:12     | Found a broken altar of Ashenzari.
 25453 | D:13     | Noticed Rupert
 25704 | D:13     | Noticed Maurice
 25720 | D:13     | Killed Maurice
 26120 | D:13     | Killed Rupert
 26207 | D:13     | Noticed Nessos
 26218 | D:13     | Killed Nessos
 26310 | D:13     | Reached skill level 5 in Dodging
 26326 | D:13     | Found a gate to the Vaults.
 28018 | D:15     | Entered Level 15 of the Dungeon
 28112 | D:15     | Found a frozen archway.
 28261 | IceCv    | Entered an ice cave
 28280 | IceCv    | Found a transporter.
 28290 | IceCv    | Found a transporter.
 28418 | IceCv    | Identified the +0 leather armour of Teniy {rPois rC- rN+++
                  | Str+4}
 28425 | IceCv    | Reached XP level 16. HP: 99/112 MP: 12/22
 28826 | IceCv    | Reached skill level 10 in Shields
 29199 | D:15     | Found Myutun's Assorted Antiques.
 29212 | D:15     | Bought a glowing black potion for 29 gold pieces
 29212 | D:15     | Bought a potion of curing for 99 gold pieces
 29590 | D:15     | Found a staircase to the Depths.
 29888 | Snake:1  | Entered Level 1 of the Snake Pit
 30308 | Snake:1  | Found Uhuupeff's Weapon Shoppe.
 30308 | Snake:1  | Found Ceaduc's General Store.
 30328 | Snake:1  | Bought a +2 broad axe of holy wrath for 268 gold pieces
 30337 | Snake:1  | Bought a scroll of identify for 26 gold pieces
 31328 | Snake:1  | Identified the ring of Arrival {rN+ Will+ rCorr Str+4}
 33000 | Snake:2  | Noticed a nagaraja
 33030 | Snake:1  | Reached XP level 17. HP: 79/118 MP: 22/24
 33237 | Snake:2  | Reached skill level 10 in Invocations
 33376 | Snake:2  | Noticed Aizul
 33873 | Snake:2  | Noticed Agnes
 34243 | Snake:2  | Killed Agnes
 34662 | Snake:2  | Acquired 912 gold pieces
 34734 | Snake:3  | Found Sigoul's Assorted Antiques.
 34743 | Snake:3  | Bought a scroll of immolation for 119 gold pieces
 34743 | Snake:3  | Bought a potion of lignification for 102 gold pieces
 35532 | Snake:3  | Found Afunua Ehyno's Book Shop.
 35534 | Snake:3  | Found Iheorek's Jewellery Emporium.
 35590 | Snake:3  | Found Xogob's Book Shop.
 36021 | Snake:4  | Entered Level 4 of the Snake Pit
 36912 | Snake:4  | Identified Roxanne's Guide on Transmutation
 36912 | Snake:4  | Noticed Roxanne
 38856 | Snake:4  | Reached XP level 18. HP: 125/125 MP: 26/26
 39023 | Snake:4  | Got a serpentine rune of Zot
 39312 | Snake:4  | Killed Roxanne
 39458 | Swamp:1  | Entered Level 1 of the Swamp
 39473 | Swamp:1  | You are sucked into a shaft and drop 1 floor!
 39485 | Swamp:2  | Noticed Jorgrun
 39527 | Swamp:2  | Noticed Donald
 39541 | Swamp:2  | Killed Donald
 40880 | Swamp:2  | Killed Jorgrun
 41129 | Swamp:2  | Noticed a tentacled monstrosity
 41142 | Swamp:2  | Killed a tentacled monstrosity
 42285 | Swamp:4  | Entered Level 4 of the Swamp
 42933 | Swamp:4  | Noticed a tentacled monstrosity
 42975 | Swamp:4  | Killed a tentacled monstrosity
 42976 | Swamp:4  | Reached XP level 19. HP: 119/132 MP: 28/28
 43113 | Swamp:4  | Got a decaying rune of Zot
 43612 | Snake:2  | Killed Aizul
 43824 | Elf:1    | Entered Level 1 of the Elven Halls
 43846 | Elf:1    | Noticed Frances
 43853 | Elf:1    | Killed Frances
 44092 | Elf:1    | Found Ocosafi's Assorted Antiques.
 44100 | Elf:1    | Bought a scroll of acquirement for 1404 gold pieces
 44100 | Elf:1    | Acquired a +2 eveningstar of protection
 44118 | Elf:1    | Found Bes Voh's Magic Scroll Shoppe.
 44362 | Elf:1    | Paralysed by an air elemental for 1 turns
 44624 | Elf:1    | Paralysed by an air elemental for 1 turns
 44860 | Elf:2    | Reached skill level 15 in Shields
 45160 | Elf:2    | Found Qirem's Assorted Antiques.
 45164 | Elf:2    | Cast into level 3 of the Abyss (+2 trident of distortion)
 45197 | Abyss:3  | Gained mutation: You are dopey. (Int -2) [a neqoxec]
 45269 | Abyss:3  | Reached skill level 1 in Axes
 45269 | Abyss:3  | Reached XP level 20. HP: 110/139 MP: 17/30
 45269 | Abyss:3  | Reached XP level 21. HP: 114/144 MP: 17/31
 45269 | Abyss:3  | Got an abyssal rune of Zot
 45382 | Elf:2    | Escaped the Abyss
 45705 | Elf:2    | Found a runed translucent gate.
 45709 | Elf:2    | Found a runed translucent gate.
 45709 | Elf:2    | Found a runed translucent gate.
 46857 | Elf:2    | Found a radiant altar of Vehumet.
 47240 | Elf:3    | Entered Level 3 of the Elven Halls
 47639 | Elf:3    | Paralysed by an air elemental for 1 turns
 48044 | Elf:3    | Reached XP level 22. HP: 150/150 MP: 33/33
 48150 | Elf:3    | Reached skill level 15 in Invocations
 48499 | Elf:3    | Identified the +5 dagger of Qeyt {vorpal, *Rage rElec rF+++
                  | rCorr}
 48510 | Elf:3    | Identified the +5 scale mail of Zin's Delight {-Cast +Inv
                  | Fly}
 48659 | Elf:3    | Found the +5 sword of Power {vorpal}
 48666 | Elf:3    | Got Geatij's Compendium of the Voyage and Weightlessness
 48674 | Elf:3    | Identified the +3 hunting sling of Starshine {vorpal,
                  | Int+4}
 48682 | Elf:3    | Identified the +6 chain mail of Wecapset {rPois Will- Str-2
                  | Dex+10}
 48780 | Elf:3    | Identified the +6 mace "Nyavu" {distort, *Slow Str+9}
 48782 | Elf:3    | Identified the +12 mace of Benevolence {freeze, *Corrode
                  | Fly rElec Will+}
 48791 | Elf:3    | Identified the +9 falchion of Light {venom, rF++}
 48810 | Elf:3    | Identified the +6 plate armour "Boegubli" {rF- rC+ Dex+4}
 49111 | Vaults:1 | Entered Level 1 of the Vaults
 50983 | Vaults:2 | Noticed Frederick
 52525 | Vaults:2 | Reached XP level 23. HP: 143/156 MP: 35/35
 52539 | Vaults:2 | You are sucked into a shaft and drop 2 floors!
 52725 | Vaults:4 | Found Aqeycur's Assorted Antiques.
 52759 | Vaults:4 | Found a crumbling gateway.
 52835 | Desolati | Entered the Desolation of Salt
 52874 | Desolati | Reached skill level 15 in Armour
 53623 | Desolati | Identified the +9 ice dragon scales "Ujaemapy" {rF- rC++
                  | Str+4 Dex-5 Slay+4}
 53624 | Desolati | Identified the ring of Xom's Amusement {Contam rPois rF+
                  | Dex+2}
 53633 | Desolati | Got the Reference Book on Summoning
 54035 | Desolati | Identified the +0 plate armour of Qazlal {Slay+2}
 54036 | Desolati | Identified the ring of the Ban {Fire Contam Will+ Str+9
                  | Dex+4}
 54040 | Desolati | Identified the ring "Ostryugy" {rElec EV+4}
 54737 | Vaults:4 | Identified the +1 chain mail "Piuq" {rN+}
 55051 | Vaults:4 | Bought a wand of iceblast (4) for 136 gold pieces
 55591 | Vaults:3 | Reached XP level 24. HP: 163/164 MP: 35/35
 56198 | Vaults:2 | Noticed Bai Suzhen
 56210 | Vaults:2 | Killed Bai Suzhen
 56256 | Vaults:2 | Found Qaru's Distillery.
 56279 | Vaults:2 | Bought 2 potions of berserk rage for 180 gold pieces
 56279 | Vaults:2 | Bought a potion of curing for 54 gold pieces
 56279 | Vaults:2 | Bought a potion of haste for 180 gold pieces
 56279 | Vaults:2 | Bought a potion of might for 72 gold pieces
 56279 | Vaults:2 | Bought a potion of lignification for 54 gold pieces
 56497 | Vaults:2 | Killed Frederick
 58057 | Vaults:3 | Found a staircase to the Crypt.
 58199 | Crypt:1  | Entered Level 1 of the Crypt
 59485 | Crypt:2  | Reached skill level 5 in Axes
 59799 | Crypt:3  | Entered Level 3 of the Crypt
 59967 | Crypt:3  | Found a runed translucent door.
 59968 | Crypt:3  | Found a shimmering altar of Xom.
 59973 | Crypt:3  | Noticed Bunoc's ghost (veteran FoFi)
 60016 | Crypt:3  | Reached XP level 25. HP: 149/171 MP: 36/36
 60231 | Crypt:3  | Noticed a royal mummy
 60244 | Crypt:3  | Killed a royal mummy
 60421 | Crypt:3  | Found the +8 demon blade "Leech" {vamp, Harm Drain rN+}
 60536 | Crypt:3  | Identified the +8 whip of Reapportionment {flame, Int+5}
 60615 | Crypt:3  | Found a staircase to the Tomb.
 61075 | Crypt:3  | Killed Bunoc's ghost
 61077 | Crypt:3  | Identified the amulet of Law {Acrobat rC+}
 61160 | Crypt:3  | Identified the ring "Sys Ynie" {rF+ Dex+6}
 61172 | Crypt:3  | Identified the amulet of Garedeig {rC+ Regen+ MP+9}
 61172 | Crypt:3  | Identified the ring of Caesiuw {rN+ Int+3 Stlth+}
 61594 | Depths:1 | Entered Level 1 of the Depths
 61993 | Depths:1 | Found a gateway to Hell.
 62258 | Depths:1 | Found a glowing silver altar of Zin.
 62516 | Depths:1 | Identified the +9 quarterstaff "Nomif" {pain, Drain Fly
                  | rF++ Stlth+}
 62758 | Depths:2 | Noticed a juggernaut
 62769 | Depths:2 | Killed a juggernaut
 63188 | Depths:2 | Found a one-way gate leading to the halls of Pandemonium.
 63238 | Depths:2 | Found a sparkling altar of Nemelex Xobeh.
 63588 | Depths:3 | Reached XP level 26. HP: 173/179 MP: 37/37
 63982 | Depths:3 | Found an ancient bone altar of Kikubaaqudgha.
 64079 | Depths:3 | Found an ornate altar of the Wu Jian Council.
 64181 | Depths:4 | Entered Level 4 of the Depths
 64437 | Depths:4 | Noticed Louise
 64458 | Depths:4 | Killed Louise
 64611 | Depths:4 | Found a gate to the Realm of Zot.
 65148 | Depths:4 | Found a one-way gateway to a ziggurat.
 65716 | Vaults:5 | Entered Level 5 of the Vaults
 66089 | Vaults:5 | Identified the +5 war axe of Watchfulness {pain, Int+4
                  | Dex+4 Stlth-}
 66628 | Vaults:5 | Identified the +2 leather armour "Ocydif" {Harm rF+}
 66698 | Vaults:5 | Reached XP level 27. HP: 186/186 MP: 37/37
 67081 | Vaults:5 | Found the +3 pair of seven-league boots {Rampage+∞}
 67239 | Vaults:5 | Got a silver rune of Zot
 68338 | Hell     | Entered the Vestibule of Hell
 68349 | Hell     | Noticed Geryon
 68420 | Hell     | Killed Geryon
 68475 | Hell     | Found a gateway to the ashen valley of Gehenna.
 68529 | Hell     | Found a gateway to the freezing wastes of Cocytus.
 68664 | Hell     | Found a gateway to the decaying netherworld of Tartarus.
 68846 | Hell     | Found a gateway to the Iron City of Dis.
 69036 | Tar:1    | Entered Level 1 of Tartarus
 69080 | Tar:1    | Noticed a dread lich
 69081 | Tar:1    | Noticed an ancient lich
 69088 | Tar:1    | Killed an ancient lich
 69091 | Tar:1    | Paralysed by a dread lich for 2 turns
 69095 | Tar:1    | Killed a dread lich
 69731 | Snake:3  | Bought the ring of Dipnuck {rPois rF+ Will+ Int-5 Slay+5}
                  | for 784 gold pieces
 70194 | Tar:2    | Reached skill level 10 in Axes
 70388 | Tar:2    | You are sucked into a shaft and drop 1 floor!
 70632 | Tar:4    | Cast into level 3 of the Abyss (profane servitor)
 70701 | Tar:4    | Escaped the Abyss
 70796 | Tar:4    | Cast into level 3 of the Abyss (profane servitor)
 70811 | Tar:4    | Escaped the Abyss
 71718 | Tar:7    | Entered Level 7 of Tartarus
 72092 | Tar:7    | Identified the +9 shortbow "Owosus" {flame, rPois Stlth+}
 72095 | Tar:7    | Identified the +0 pair of gloves "Ogiwn" {Slay+3}
 72465 | Tar:7    | Noticed Ereshkigal
 72503 | Tar:7    | Killed Ereshkigal
 72513 | Tar:7    | Got the Compendium of the Frostbite and the Entourage
 72515 | Tar:7    | Identified the ring "Zuetragy" {rCorr MP+9 Str+6 Dex+2}
 72520 | Tar:7    | Got a bone rune of Zot
 73906 | Geh:1    | Entered Level 1 of Gehenna
 74574 | Pan      | Entered the realm of Cerebov.
 74574 | Pan      | Entered Pandemonium
 74633 | Pan      | Identified the quicksilver dragon scales of the Heron
                  | {Will+ Str+2}
 74671 | Pan      | Identified the +3 rapier of Accord {flame, MP+9}
 74699 | Pan      | Identified the +4 short sword of Truth {pain, Will+ Dex+5}
 74829 | Pan      | Found the +6 sword of Cerebov {flame}
 74829 | Pan      | Identified the ring "Pawoir" {rC+ rN+ Dex+4}
 74829 | Pan      | Noticed Cerebov
 75536 | Pan      | Identified the ring of the Death Scarab {MP+9 Str+2}
 75578 | Pan      | Slain by Cerebov

Illustrated notes

Levels and vault maps discovered:
D:1:      minmay_arrival_checkered_box, layout_basic,
          hellmonk_ecumenical_altar_lost_god
D:2:      minmay_angry_zag, layout_basic, serial_shops,
          nicolae_shop_statue_plus, serial_curves, eino_curves_02,
          eino_curves_01, uniq_natasha
D:3:      layout_basic, serial_shops, shop_fountains,
          minmay_randomly_rotated_circles, uniq_terence
D:4:      layout_basic
D:5:      layout_cave_pools, temple_pool_b
D:6:      layout_basic, lemuel_crystal_altar, amcnicky_altar_lugonu_corruption,
          uniq_eustachio
D:7:      layout_rooms, enter_bailey_2, nicolae_ossuary_entry_monument
D:8:      layout_basic, uniq_joseph
D:9:      layout_gridville, erik_lair_island
D:10:     layout_big_octagon, david_orc_4, gammafunk_ghost_necromancy
D:11:     layout_basic, serial_shops, shop_fountains
D:12:     layout_basic, special_room [special_room_orc],
          ashenzari_conservatory_becter
D:13:     layout_irregular_city, ximxim_vaults_locker_room, uniq_rupert,
          uniq_nessos, uniq_maurice
D:14:     layout_rooms, minivault_20, nicolae_lava_and_water
D:15:     grunt_enter_depths_magical_seal, layout_loops_ring,
          portal_ice_cave_entry_dragon, serial_shops, shop_fountains,
          roderic_lattice_a, hangedman_decor_opposing
Temple:   mainiacjoe_temple_archimedes_tessellation
Lair:1:   layout_cellular_growth, uniq_harold
Lair:2:   layout_regular_city, basic_altar
Lair:3:   wad_woods_minihive, layout_small_grid, minmay_swamp_entry_wisps,
          minmay_snake_entry_six_corridors
Lair:4:   layout_long_grid, chequers_serial_rivers_micro_e,
          serial_bayou_shore_a, uniq_snorg
Lair:5:   layout_cave_pods, minmay_slime_entry_oklob_open,
          infiniplex_staircase_pool
Lair:6:   minmay_lair_end_enchanted_forest, layout_gridlike
Swamp:1:  layout_basic_swamp, hangedman_swamp_cone, swamp_pool3,
          nicolae_swamp_wisp_ring_woods
Swamp:2:  cheibrodos_swamp_tower_of_moss, layout_basic_swamp,
          evilmike_swamp_ruin_house_1, uniq_jorgrun, uniq_donald
Swamp:3:  layout_basic_swamp, serial_swamp_ruin, evilmike_swamp_ruin_rubble_1,
          evilmike_swamp_ruin_house_3, swamp_pool5, infiniplex_staircase_pool_2
Swamp:4:  swamp_vile, layout_basic_swamp, nicolae_swamp_small_spring
Snake:1:  layout_onion_interference, nicolae_snake_snakewalk,
          grunt_megastairs_4, lemuel_fruit_tree, minmay_shoptagon
Snake:2:  layout_layer_cave, special_room, uniq_aizul, uniq_agnes
Snake:3:  layout_onion_interference, serial_shops, shop, minmay_shop_grove
Snake:4:  snake_pit, layout_cave_pods, st_stairs_7, uniq_roxanne
Orc:1:    layout_caves, basic_altar
Orc:2:    st_orc_congregation, layout_diamond_mine, serial_shops,
          nicolae_square_shop, nicolae_shop_behind_doors,
          nicolae_shop_behind_doors, basic_altar, special_room
Elf:1:    layout_loops_cross, serial_shops, nicolae_shop_trees, shop,
          kennysheep_underground_church, uniq_frances
Elf:2:    nicolae_elf_blades_crystal_corner, layout_geoelf_grid, serial_shops,
          shop, guppyfry_elf_altar
Elf:3:    minmay_elf_hall_statues, layout_loops_corners, serial_glass,
          glass_columns_b, glass_columns_a, nicolae_elf_blasts_and_bolts
Vaults:1: v_rooms_3, ontoclasm_vaults_fault, vaults_room_boxed,
          nicolae_vaults_asterisk, ontoclasm_vaults_loading_screen,
          layout_vaults_omnicross
Vaults:2: grunt_vaults_bifocal, v_misc_29, dpeg_vaults_monster_row,
          nicolae_vaults_three_branches, v_misc_23, v_misc_3,
          grunt_vaults_swirl, nicolae_vaults_display_case, v_misc_2, v_misc_17,
          grunt_vaults_hallway_short, layout_vaults_ring, serial_shops,
          nicolae_shop_advertising_works [nicolae_subvault_shop_adworks],
          uniq_bai_suzhen, uniq_frederick
Vaults:3: st_spiral_rooms, nicolae_vaults_sealed_display,
          ontoclasm_vaults_hangar, nicolae_vaults_shelves_hall,
          nicolae_vaults_little_squares_5, vaults_room_grid,
          hangedman_vaults_trim, layout_vaults_omnigrid
Vaults:4: portal_desolation_entry_twin_temple, grunt_vaults_trifunnel,
          grunt_vaults_diagonal, nicolae_vaults_back_hallway, vaults_mumra_hex,
          vaults_room_grid, v_misc_2, ontoclasm_vaults_gateway,
          ontoclasm_vaults_shuriken, grunt_vaults_funnel,
          layout_vaults_maze_snakey, serial_shops, shop
Vaults:5: serial_shops
Crypt:1:  layout_gridlike, grunt_megastairs_1, grunt_crypt_arrival_split
Crypt:2:  layout_gridlike, glass_columns_b, st_vampire_maze
Crypt:3:  due_elkab, layout_chaotic_city, nicolae_tomb_entry_rubble_hallway,
          ebering_ghost_xom, minmay_misc_feat_rows, st_stairs_4
Depths:1: layout_cave_pools, roderic_serpentine_path, hell_entry, zin_statuary,
          firewood_loft, grunt_megastairs_5
Depths:2: hangedman_arch_fort, layout_gridlike, rand_demon_pan_entry_7,
          pf_hell_entry_great_geh, hangedman_decor_clover_reticule,
          nemelex_xobeh_ov_fountains_minmay, infiniplex_staircase_zigzag_2
Depths:3: hellmonk_destroyed_diamonds, layout_cave_shapes, hell_entry,
          nicolae_wu_jian_immortal_techniques, abyss_entry,
          lemuel_zombie_altar_kikubaaqudgha, serial_bayou_shore_b,
          minmay_staircase_statues_hall_small
Depths:4: grunt_twist_and_shout, layout_gridville, enter_ziggurat_d,
          rand_demon_pan_entry_1, nicolae_abyss_entry_one_way_or_another,
          grunt_hell_entry_dis_mu
Hell
Geh:1:    layout_gehenna_pools_basic, nicolae_hells_hurtin_island
Geh:2:    layout_gehenna_pools_box
Tar:1:    layout_honeycomb, nicolae_tar_just_some_guys
Tar:2:    layout_catacombs
Tar:3:    layout_grid_maze, nicolae_tar_cuneiform_bread
Tar:4:    layout_cathedral_of_symmetry, nicolae_tar_cuneiform_to_be,
          nicolae_tar_four_comb_rooms
Tar:5:    layout_cathedral_of_symmetry
Tar:6:    layout_cathedral_of_symmetry
Tar:7:    tar_minmay_river
Pan:      cerebov_grunt_fire_and_steel, layout_small_grid,
          pan_blood_fountain_small, pan_blood_fountain

Skill      XL: |  1  2  3  4  5  6  7  8  9 10 11 12 13 14 15 16 17 18 19 20 21 22 23 24 25 26 27 |
---------------+----------------------------------------------------------------------------------+-----
Maces & Flails | 3 4 5 7 9 11 12 14 16 17 18 19 20 21 22 23 24 | 24.4
Fighting       | 4 5 6 8 10 12 14 16 17 18 19 20 21 22 24 | 24.3
Armour         | 4 5 6 7 8 10 11 12 13 14 15 16 17 18 20 | 20.9
Dodging        | 1 2 3 4 5 6 7 |  7.1
Shields        | 4 5 6 7 8 9 11 13 14 15 17 18 19 20 21 24 | 24.5
Evocations     | 1 2 |  2.3
Invocations    | 2 5 8 9 11 13 14 16 17 18 20 21 24 | 24.3
Axes           | 1 6 7 8 13 | 13.8

Action                   |  1- 3 |  4- 6 |  7- 9 | 10-12 | 13-15 | 16-18 | 19-21 | 22-24 | 25-27 || total
-------------------------+-------+-------+-------+-------+-------+-------+-------+-------+-------++-------
Melee: Flail             |   104 |   200 |       |       |       |       |       |       |       ||   304
       Morningstar       |       |     9 |   321 |   610 |  1409 |  1203 |       |       |       ||  3552
       Eveningstar       |       |       |       |       |       |   302 |   442 |  1146 |  2167 ||  4057
       Broad axe         |       |       |       |       |       |       |       |   432 |   558 ||   990
Throw: Dart              |       |       |    13 |       |     1 |       |       |       |       ||    14
Invok: Cleansing Flame   |       |       |       |       |    18 |    31 |    21 |    51 |   121 ||   242
       Divine Shield     |       |       |       |       |     2 |     1 |       |       |       ||     3
Evoke: Wand              |       |       |     1 |    10 |     7 |     2 |       |       |     1 ||    21
  Use: Scroll            |     1 |     3 |     5 |     3 |    10 |    21 |     3 |     5 |     7 ||    58
       Potion            |       |       |     2 |     2 |     6 |     5 |     3 |     2 |     4 ||    24
Armor: Scale mail        |    53 |   135 |   273 |   104 |       |       |       |       |       ||   565
       Chain mail        |       |       |       |   231 |   867 |   336 |   135 |   101 |   391 ||  2061
       Plate armour      |       |       |       |     5 |     9 |   603 |       |   516 |    53 ||  1186
       Gold dragon scale |       |       |       |       |       |       |       |       |  1153 ||  1153
Dodge: Dodged            |    72 |   102 |   197 |   292 |   507 |   297 |    61 |   265 |   595 ||  2388
Block: Buckler           |    28 |    44 |   118 |   136 |   317 |       |       |       |       ||   643
       Tower shield      |       |       |       |       |    80 |  1417 |   429 |  1666 |  3047 ||  6639
       Reflection        |       |       |       |       |       |     5 |    38 |    97 |       ||   140
